 Dungeon Crawl Stone Soup version 0.22.1-2-g9c5b331383 (webtiles) character file.

539 Ihlosi the Slasher (level 7, -19/52 HPs)
             Began as a Human Gladiator on Nov 22, 2018.
             Demolished by an ogre
             ... wielding a +0 giant club
              (33 damage)
             ... on level 5 of the Dungeon.
             The game lasted 00:07:26 (3599 turns).

Ihlosi the Slasher (Human Gladiator)                Turns: 3599, Time: 00:07:26

Health: -19/52     AC:  5    Str: 15    XL:     7   Next: 51%
Magic:  8/8        EV: 14    Int:  8    God:
Gold:   89         SH:  0    Dex: 16    Spells: 6/6 levels left

rFire    . . .     SeeInvis .   a - +0 long sword
rCold    . . .     Gourm    .   (no shield)
rNeg     . . .     Faith    .   b - +0 leather armour
rPois    .         Spirit   .   c - +1 helmet
rElec    .         Reflect  .   (no cloak)
rCorr    .         Harm     .   (no gloves)
MR       .....                  (no boots)
Stlth    ++........             k - amulet of rage
HPRegen  0.17/turn              (no ring)
MPRegen  0.11/turn              (no ring)

@: berserk cooldown
A: no striking features
a: Evoke Berserk Rage


You were on level 5 of the Dungeon.
You were not hungry.

You visited 1 branch of the dungeon, and saw 5 of its levels.

You collected 89 gold pieces.

Inventory:

Hand Weapons
 a - a +0 long sword (weapon)
Missiles
 d - 4 throwing nets (quivered)
 h - 8 curare-tipped needles
 q - 16 bolts
Armour
 b - a +0 leather armour (worn)
 c - a +1 helmet (worn)
Jewellery
 k - an amulet of rage (around neck)
 p - an uncursed amulet of guardian spirit
Scrolls
 e - 3 scrolls of remove curse
 i - 2 scrolls of magic mapping {unknown}
 l - a scroll of immolation
 m - a scroll of enchant armour
Potions
 g - 2 potions of might {unknown}
 j - a potion of cancellation {unknown}
 n - a potion of magic {unknown}
 o - a potion of lignification {unknown}
 r - 2 potions of heal wounds {unknown}
Comestibles
 f - 5 rations


   Skills:
 * Level 3.4 Fighting
 + Level 5.0 Long Blades
 - Level 2.0 Throwing
 * Level 2.9 Armour
 * Level 4.7 Dodging
 - Level 1.0 Stealth
 * Level 1.9 Evocations


You had 6 spell levels left.
You didn't know any spells.
Your spell library was empty.

Dungeon Overview and Level Annotations

Branches:
Dungeon (5/15)
 Temple: D:4-7

Altars:

Annotations:
D:5 1 runed door, Elric's ghost, novice MiBe


Message History

You start resting.
You feel a strong urge to attack something.
You start resting.
You feel your anger nearly subside.
You are no longer berserk.
You are exhausted.
You feel yourself slow down.
Found an escape hatch in the ceiling.
An ogre comes into view. It is wielding a giant club.
The ogre shouts!
An orc comes into view. It is wielding a mace.
You see here a scroll labeled TUHER FEJE.
i - 2 scrolls labeled TUHER FEJE (gained 1)
The orc shouts!
An orc comes into view. It is wielding a club.
The ogre hits you with a giant club.
* * * LOW HITPOINT WARNING * * *
You feel yourself speed up. The ogre hits you with a giant club!!
Ouch! That really hurt!
You die...

............. ...........
#o....############
#.....+........... #...
#.....#.....#.#.#. ....
#.....#........... .....
..#####.....#.....#.#.#. .....
.......O....#####....... .....
.......@..........#.#.#. ..... .[
........................
#...###.....<..............#.#.#.
.....#...........................
.###...#+##..................+...
..........#..###.............#...
..........#..#ยง#.............#+##
..........#..###............>....
..........#......................


You could see an ogre and an orc.

Vanquished Creatures
  An ice beast (D:5)
  An ogre (D:5)
  A crimson imp (D:5)
  A jelly (D:5)
  A bullfrog skeleton (D:4)
  A hound (D:4)
  An iguana (D:5)
  3 worker ants
  A hound skeleton (D:4)
  3 adders
  2 oozes (D:1)
  2 adder skeletons (D:4)
  2 worms (D:2)
  3 dart slugs
  3 leopard geckos
  7 orcs
  7 bats
  A giant cockroach (D:4)
  9 goblins
  4 hobgoblins
  14 jackals
  A quokka (D:5)
  A ball python skeleton (D:4)
  4 frilled lizards
  7 kobolds
  A leopard gecko zombie (D:5)
  10 rats
92 creatures vanquished.

Notes
Turn   | Place    | Note
-------+----------+-------------------------------------------
     0 | D:1      | Ihlosi the Human Gladiator began the quest for the Orb.
     0 | D:1      | Reached XP level 1. HP: 16/16 MP: 1/1
    43 | D:1      | Reached XP level 2. HP: 19/22 MP: 2/2
   119 | D:1      | Reached XP level 3. HP: 19/27 MP: 3/3
   274 | D:1      | Reached skill level 1 in Stealth
   276 | D:1      | Reached XP level 4. HP: 22/33 MP: 4/4
   318 | D:1      | Reached skill level 1 in Armour
  2109 | D:3      | Reached XP level 5. HP: 35/39 MP: 5/5
  2357 | D:4      | Noticed a phantom
  2592 | D:4      | Noticed an ogre
  2852 | D:4      | Reached skill level 4 in Long Blades
  2852 | D:4      | Reached XP level 6. HP: 34/46 MP: 6/6
  3023 | D:4      | Reached skill level 1 in Evocations
  3351 | D:4      | Noticed an ogre
  3369 | D:5      | Entered Level 5 of the Dungeon
  3381 | D:5      | Noticed an ogre
  3404 | D:5      | Killed an ogre
  3411 | D:5      | Reached XP level 7. HP: 25/52 MP: 6/8
  3553 | D:5      | Found a runed door.
  3554 | D:5      | Noticed Elric's ghost (novice MiBe)
  3574 | D:5      | Reached skill level 5 in Long Blades
  3599 | D:5      | Demolished by an ogre

Skill      XL: |  1  2  3  4  5  6  7 |
---------------+----------------------+-----
Stealth        | 1 |  1.0
Armour         | 1 2 |  2.9
Dodging        | 4 |  4.7
Long Blades    | 4 5 |  5.0
Evocations     | 1 |  1.9
Fighting       | 3 |  3.4
Throwing       | |  2.0

Action                   |  1- 3 |  4- 6 |  7- 9 || total
-------------------------+-------+-------+-------++-------
Melee: Long sword        |    78 |   161 |    25 ||   264
Throw: Throwing net      |       |     2 |       ||     2
 Abil: Evoke Berserk Rag |       |     1 |     1 ||     2
  Use: Scroll            |       |     5 |       ||     5
 Stab: Sleeping          |       |     7 |       ||     7
       Held in net/web   |       |     1 |       ||     1
  Eat: Chunk             |       |     8 |       ||     8
       Ration            |       |       |     1 ||     1
Armor: Leather armour    |    43 |    35 |     4 ||    82
Dodge: Dodged            |    94 |   134 |    26 ||   254
       Rpst.: Long sword |    30 |    45 |     5 ||    80
